 Dungeon Crawl Stone Soup version 0.23-a0-650-ga4d50d4 (webtiles) character file.

20737 mhoghedin the Fighter (level 13, -4/126 HPs)
             Began as a Kobold Berserker on Dec 30, 2018.
             Was a High Priest of Trog.
             Slain by a sixfirhy (9 damage)
             ... in a Gauntlet on Jan 3, 2019.
             The game lasted 00:34:23 (14385 turns).

mhoghedin the Fighter (Kobold Berserker)           Turns: 14385, Time: 00:34:24

Health: -4/126     AC: 26    Str: 22    XL:     13   Next: 14%
Magic:  18/18      EV:  3    Int: 10    God:    Trog [*****.]
Gold:   983        SH:  0    Dex: 17    Spells: 12/12 levels left

rFire    . . .     SeeInvis +   b - +3 hunting sling (flame)
rCold    + . .     Gourm    .   (shield restricted)
rNeg     + + +     Faith    .   (armour currently unavailable)
rPois    +         Spirit   .   (helmet currently unavailable)
rElec    .         Reflect  .   (cloak currently unavailable)
rCorr    .         Harm     .   (gloves currently unavailable)
MR       .....     NoTele   +   (boots currently unavailable)
Stlth    ++++......             s - amulet of magic regeneration
HPRegen  0.31/turn              L - ring of see invisible {sInv, !d}
MPRegen  0.41/turn              D - ring "Kelarats" {*Drain +Inv rC+ Str+3 Int+2}

@: tree-form
A: small, thin skeletal structure 1, carnivore
a: Berserk, Trog's Hand, Brothers in Arms, Renounce Religion, Evoke Invisibility


You were in a Gauntlet.
You worshipped Trog.
Trog was extremely pleased with you.
You were full.
You were a tree.
You visited 2 branches of the dungeon, and saw 12 of its levels.
You also visited: Sewer and Gauntlet.

You collected 983 gold pieces.

Inventory:

Hand Weapons
 a - a +1 quarterstaff of protection
   (You acquired it in a Gauntlet)
 b - a +3 hunting sling of flaming (weapon)
   (Trog gifted it to you on level 3 of the Lair of Beasts)
 d - a +0 blowgun
   (You took it off a kobold on level 3 of the Dungeon)
 m - a +0 mace
Missiles
 f - 36 poisoned needles
 k - 229 stones
 y - 28 sling bullets (quivered)
 I - a throwing net {=f, !d}
Armour
 g - a +0 pair of boots (melded)
   (You found it on level 1 of the Dungeon)
 i - a +1 hat of magic resistance (melded)
   (You took it off Gastronok on level 2 of the Lair of Beasts)
 l - a +1 pair of gloves (melded)
   (You found it on level 1 of the Dungeon)
 o - a +0 cloak (melded)
   (You found it on level 6 of the Dungeon)
 r - a +1 pair of gloves
   (You found it on level 3 of the Lair of Beasts)
 x - the +2 ring mail "Uruq" (melded) {MR+ Str+4 Slay+2 Stlth+}
   (You found it on level 5 of the Dungeon)

   It affects your strength (+4).
   It affects your accuracy and damage with ranged weapons and melee attacks
   (+2).
   It affects your resistance to hostile enchantments.
   It makes you more stealthy.
Jewellery
 s - an amulet of magic regeneration (around neck)
   (You found it on level 2 of the Dungeon)
 w - a +5 ring of evasion
   (You found it on level 4 of the Dungeon)
 z - an uncursed ring of flight {+Fly, !d}
   (You found it on level 5 of the Dungeon)
 A - a cursed ring of attention {unknown}
   (You found it in a Gauntlet)
 D - the ring "Kelarats" (right branch) {*Drain +Inv rC+ Str+3 Int+2}
   (You found it on level 7 of the Dungeon)

   [ring of strength]

   It affects your strength (+3).
   It affects your intelligence (+2).
   It protects you from cold.
   It lets you turn invisible.
   It causes draining when unequipped.
 E - a +4 ring of strength {unknown}
   (You found it on level 1 of the Lair of Beasts)
 H - an uncursed ring of fire {unknown}
   (You found it on level 1 of the Lair of Beasts)
 L - a ring of see invisible (left branch) {sInv, !d}
   (You found it on level 8 of the Dungeon)
Wands
 C - a wand of acid (5)
   (You found it on level 7 of the Dungeon)
 J - a wand of scattershot (1)
   (You took it off Harold on level 8 of the Dungeon)
Scrolls
 n - a scroll of magic mapping {!r}
 B - 8 scrolls of teleportation
 P - a scroll of fog
 Q - a scroll of enchant armour {unknown}
Potions
 e - 2 potions of flight
 h - 2 potions of haste
 p - 2 potions of curing
 q - 4 potions of heal wounds
 t - a potion of invisibility
 u - a potion of ambrosia
 v - a potion of cancellation
 G - a potion of magic {unknown}
 K - 2 potions of agility {unknown}
 M - a potion of might {unknown}
 N - a potion of degeneration {unknown}
Comestibles
 c - 23 rations


   Skills:
 + Level 11.6 Fighting
 + Level 10.4 Maces & Flails
 + Level 9.2 Slings
 - Level 5.1 Armour
 - Level 7.3 Dodging
 - Level 6.4 Stealth
 - Level 7.9 Evocations


You had 12 spell levels left.
You didn't know any spells.
Your spell library was empty.

Dungeon Overview and Level Annotations

Branches:
Dungeon (8/15)             Temple (0/1) D:6            Lair (4/6) D:8
 Spider (0/4) Lair:2
  Swamp: Lair:2-4    Shoals: Lair:2-4

Altars:
Cheibriados
Dithmenos
Elyvilon
Fedhas
Hepliaklqana
Okawaru
Ru
Sif Muna
Trog
Vehumet
Xom
Yredelemnul
Zin

Shops:
D:5 }

Annotations:
D:7 3 runed doors, epen's ghost, novice GnSk
Lair:1 2 transporters, MalarOregon's ghost, journeyman MfGl Gauntlet 5 transporters


Innate Abilities, Weirdness & Mutations

You are small and have problems with some larger weapons.
You are carnivorous and can eat meat at any time.
((You have sharp fingernails.))
You have a somewhat thin skeletal structure. (Dex +2, Stealth)
((Your flesh is heat resistant. (rF+)))


Message History

Aim: a sixfirhy You shoot a sling bullet.
The sling bullet barely misses the sixfirhy.
The sixfirhy barely misses you.
Firing (i - inventory. (/) - cycle)
y - 42 sling bullets (quivered)
Aim: a sixfirhy You shoot a sling bullet.
The sling bullet misses the sixfirhy.
The sixfirhy hits you but does no damage. x2
Unknown command.
Firing (i - inventory. (/) - cycle)
y - 41 sling bullets (quivered)
Aim: a sixfirhy You shoot a sling bullet.
The sling bullet hits the sixfirhy!
The sling bullet burns the sixfirhy.
The sixfirhy hits you but does no damage. x4
The sixfirhy barely misses you.
The sixfirhy hits you but does no damage. x4
Firing (i - inventory. (/) - cycle)
y - 40 sling bullets (quivered)
Aim: a sixfirhy (heavily wounded)
You shoot a sling bullet.
The sling bullet barely misses the sixfirhy.
The sixfirhy hits you but does no damage. x2
The sixfirhy hits you. The sixfirhy shocks you! The sixfirhy hits you.
The sixfirhy shocks you!
The sixfirhy hits you but does no damage.
You take 33 damage, and have 93/126 hp.
MASSIVE DAMAGE!!
Firing (i - inventory. (/) - cycle)
y - 39 sling bullets (quivered)
Aim: a sixfirhy (heavily wounded)
You shoot a sling bullet.
The sling bullet barely misses the sixfirhy.
The sixfirhy hits you but does no damage.
The sixfirhy hits you. The sixfirhy shocks you!
You take 16 damage, and have 77/126 hp.
Firing (i - inventory. (/) - cycle)
y - 38 sling bullets (quivered)
Aim: a sixfirhy (heavily wounded)
You shoot a sling bullet. The sling bullet misses the sixfirhy.
Firing (i - inventory. (/) - cycle)
y - 37 sling bullets (quivered)
Aim: a sixfirhy (moderately wounded)
You shoot a sling bullet. The sling bullet hits the sixfirhy!
The sling bullet burns the sixfirhy.
Firing (i - inventory. (/) - cycle)
y - 36 sling bullets (quivered)
Aim: a sixfirhy (heavily wounded)
You shoot a sling bullet. The sling bullet hits the sixfirhy.
The sling bullet burns the sixfirhy.
The sixfirhy hits you but does no damage.
The sixfirhy hits you. The sixfirhy shocks you!
The sixfirhy hits you but does no damage. x4
The sixfirhy hits you. The sixfirhy shocks you!
The sixfirhy hits you but does no damage.
You take 28 damage, and have 50/126 hp.
MASSIVE DAMAGE!!
Firing (i - inventory. (/) - cycle)
y - 35 sling bullets (quivered)
Aim: a sixfirhy (severely wounded)
You shoot a sling bullet.
The sling bullet closely misses the sixfirhy.
The sixfirhy hits you but does no damage.
The sixfirhy hits you. The sixfirhy shocks you!
* * * LOW HITPOINT WARNING * * *
The sixfirhy hits you but does no damage. x3
The sixfirhy hits you.
* * * LOW HITPOINT WARNING * * *
The sixfirhy shocks you!
* * * LOW HITPOINT WARNING * * *
You take 27 damage, and have 23/126 hp.
MASSIVE DAMAGE!!
Firing (i - inventory. (/) - cycle)
y - 34 sling bullets (quivered)
Aim: a sixfirhy (severely wounded)
You shoot a sling bullet. The sling bullet hits the sixfirhy!
The sling bullet burns the sixfirhy.
The sixfirhy hits you but does no damage. x3
The sixfirhy completely misses you.
The sixfirhy hits you but does no damage. x3
Firing (i - inventory. (/) - cycle)
y - 33 sling bullets (quivered)
Aim: a sixfirhy (almost dead)
You shoot a sling bullet. The sling bullet misses the sixfirhy.
The sixfirhy hits you but does no damage. x2
The sixfirhy barely misses you.
Firing (i - inventory. (/) - cycle)
y - 32 sling bullets (quivered)
Aim: a sixfirhy (almost dead)
You shoot a sling bullet. The sling bullet hits the sixfirhy.
The sling bullet burns the sixfirhy.
Firing (i - inventory. (/) - cycle)
y - 31 sling bullets (quivered)
Aim: a sixfirhy (almost dead)
You shoot a sling bullet.
The sling bullet barely misses the sixfirhy.
Firing (i - inventory. (/) - cycle)
y - 30 sling bullets (quivered)
Aim: a sixfirhy (almost dead)
You shoot a sling bullet. The sling bullet misses the sixfirhy.
The sixfirhy hits you but does no damage. x8
Firing (i - inventory. (/) - cycle)
y - 29 sling bullets (quivered)
Aim: a sixfirhy (almost dead)
You shoot a sling bullet. The sling bullet misses the sixfirhy.
The sixfirhy hits you.
* * * LOW HITPOINT WARNING * * *
The sixfirhy shocks you!
* * * LOW HITPOINT WARNING * * *
The sixfirhy hits you!
* * * LOW HITPOINT WARNING * * *
The sixfirhy shocks you!
You die...

... ..... .8⌠ . ... ... ... . #.
## ### ## .# #.# .:"©[.. #.# .#.
.#.#. .#. # .. .#. .. # .#.
.#.#.#.#.#3#.#.#.#
.#######.#.#..#3♣3#..#.#
.#..#©.#.#.#.#.#.#.#.#.#..##.# ..
....#....#.#..#.#.#..#.#5.#####..
...###...#.#.#.#.#.#.#.#5#.....#.
.........#.#.........#.#55.......
######################.##########
....©...........©#.........#©....
####.############################
...#.#.....#©.........©.........©


You could see 3 sixfirhies.

Vanquished Creatures
  3 hydras
  An ice dragon (Lair:1)
  A sixfirhy (Gauntlet)
  An unseen horror (D:8)
  An orb spider (Lair:2)
  6 elephants (Lair:3)
  2 black mambas
  4 spiny frogs
  2 komodo dragons (Lair:3)
  A polar bear (Lair:3)
  A queen bee (Lair:3)
  8 blink frogs
  A hippogriff (Lair:1)
  Grinder (D:4)
  A spriggan (Lair:3)
  12 yaks (Lair:3)
  3 shadows (Gauntlet)
  3 basilisks (Lair:1)
  7 water moccasins
  5 porcupines
  3 sky beasts
  3 orc warriors
  2 ice beasts
  3 ogres
  2 centaurs
  5 crocodiles
  A big kobold (Sewer)
  6 bullfrogs
  A scorpion (D:5)
  A water moccasin zombie (D:7)
  26 killer bees (Lair:3)
  A howler monkey (D:4)
  3 electric eels
  A bullfrog zombie (D:7)
  2 crimson imps
  2 hounds
  2 jellies (D:5)
  A gnoll shaman (D:4)
  2 orc priests
  A centaur skeleton (D:6)
  4 orc wizards
  3 iguanas
  A bullfrog skeleton (D:8)
  4 worker ants
  A hound skeleton (D:6)
  A worker ant zombie (D:8)
  8 gnolls
  2 river rats (Sewer)
  10 adders
  4 ufetubi (Gauntlet)
  An adder skeleton (D:6)
  An adder zombie (D:6)
  3 worms
  2 dart slugs (D:1)
  8 leopard geckos
  13 orcs
  2 ball pythons
  9 giant cockroaches
  7 goblins
  7 hobgoblins
  30 jackals
  11 kobolds
  4 quokkas
  5 bats
  7 frilled lizards
  2 leopard gecko skeletons
  13 rats
295 creatures vanquished.

Vanquished Creatures (collateral kills)
  Gastronok (Lair:2)
  A hydra (Lair:2)
  Harold (D:8)
  A basilisk (Lair:2)
  A water moccasin (Lair:2)
5 creatures vanquished.

Vanquished Creatures (others)
  4 fungi
  A plant (Lair:3)
5 creatures vanquished.

Grand Total: 305 creatures vanquished

Notes
Turn   | Place    | Note
-------+----------+-------------------------------------------
     0 | D:1      | mhoghedin the Kobold Berserker began the quest for the Orb.
     0 | D:1      | Reached XP level 1. HP: 14/14 MP: 1/1
    41 | D:1      | Upgraded the game from 0.23-a0-642-g3120c2f to
                  | 0.23-a0-650-ga4d50d4
    41 | D:1      | HP: 1/14 [leopard gecko (4)]
    47 | D:1      | Reached XP level 2. HP: 2/19 MP: 2/2
   593 | D:1      | Reached XP level 3. HP: 13/23 MP: 3/3
   804 | D:1      | Reached skill level 3 in Maces & Flails
   807 | D:1      | Reached skill level 2 in Armour
   829 | D:1      | Reached skill level 3 in Dodging
  1139 | D:1      | Reached ** piety under Trog
  1376 | D:2      | Reached XP level 4. HP: 18/29 MP: 4/4
  1705 | D:2      | Reached skill level 4 in Fighting
  1884 | D:2      | Reached XP level 5. HP: 28/33 MP: 5/5
  3819 | D:4      | Noticed an ogre
  3838 | D:4      | Reached skill level 1 in Slings
  3838 | D:4      | Reached XP level 6. HP: 36/38 MP: 6/6
  3840 | D:4      | Killed an ogre
  3840 | D:4      | Reached skill level 3 in Slings
  3847 | D:4      | Noticed Grinder
  3860 | D:4      | Paralysed by Grinder for 3 turns
  3869 | D:4      | Killed Grinder
  3869 | D:4      | Reached skill level 3 in Armour
  3869 | D:4      | Reached skill level 4 in Dodging
  3869 | D:4      | Reached XP level 7. HP: 44/44 MP: 7/7
  4011 | D:4      | Reached skill level 4 in Maces & Flails
  4230 | D:4      | Reached *** piety under Trog
  4279 | D:4      | Reached skill level 5 in Fighting
  4731 | D:5      | Entered Level 5 of the Dungeon
  4764 | D:5      | Reached skill level 5 in Dodging
  4764 | D:5      | Reached XP level 8. HP: 40/49 MP: 8/8
  5044 | D:5      | Got a distressingly furry ring mail
  5076 | D:5      | Received a gift from Trog
  5290 | D:5      | Found Istrav's Gadget Shoppe.
  5315 | D:5      | Identified the +2 ring mail "Uruq" {MR+ Str+4 Slay+2
                  | Stlth+} (You found it on level 5 of the Dungeon)
  5702 | D:5      | Reached skill level 4 in Armour
  5832 | D:6      | Reached skill level 5 in Maces & Flails
  5832 | D:6      | Reached skill level 6 in Dodging
  5835 | D:6      | Reached skill level 6 in Fighting
  5908 | D:6      | Reached XP level 9. HP: 41/55 MP: 9/9
  6044 | D:6      | Reached **** piety under Trog
  6068 | D:6      | Found a glowing drain.
  6072 | Sewer    | Entered a sewer
  6191 | Sewer    | Found a glowing silver altar of Zin.
  6311 | D:6      | Found a staircase to the Ecumenical Temple.
  6418 | D:6      | Found a hazy altar of Hepliaklqana.
  6418 | D:6      | Found a deep blue altar of Sif Muna.
  6674 | D:6      | Reached skill level 7 in Dodging
  6911 | D:6      | Found a glowing silver altar of Zin.
  6917 | D:6      | Found a bloodstained altar of Trog.
  6917 | D:6      | Found a blossoming altar of Fedhas.
  6917 | D:6      | Found a radiant altar of Vehumet.
  6917 | D:6      | Found a sacrificial altar of Ru.
  6917 | D:6      | Found a shimmering altar of Xom.
  6919 | D:6      | Found a shadowy altar of Dithmenos.
  6920 | D:6      | Found an iron altar of Okawaru.
  7256 | D:7      | Reached skill level 7 in Fighting
  7266 | D:7      | Found a snail-covered altar of Cheibriados.
  7272 | D:7      | Got a clouded pewter ring
  7337 | D:7      | Reached skill level 5 in Armour
  7348 | D:7      | Identified the ring "Kelarats" {*Drain +Inv rC+ Str+3
                  | Int+2} (You found it on level 7 of the Dungeon)
  7390 | D:7      | Reached skill level 6 in Maces & Flails
  7619 | D:7      | Found a white marble altar of Elyvilon.
  7677 | D:7      | Found a runed gate.
  7677 | D:7      | Found a runed gate.
  7677 | D:7      | Found a runed gate.
  7683 | D:7      | Noticed epen's ghost (novice GnSk)
  7725 | D:7      | Found a basalt altar of Yredelemnul.
  7784 | D:8      | Reached skill level 1 in Stealth
  7856 | D:8      | HP: 12/57 [something (7)]
  7858 | D:8      | HP: 5/57 [something (7)]
  7886 | D:8      | Killed an unseen horror
  7886 | D:8      | Reached skill level 3 in Stealth
  7886 | D:8      | Reached skill level 2 in Evocations
  7886 | D:8      | Reached XP level 10. HP: 41/63 MP: 9/12
  7999 | D:8      | Reached skill level 4 in Stealth
  7999 | D:8      | Reached skill level 3 in Evocations
  8076 | D:8      | Found a staircase to the Lair.
  8084 | D:8      | Received a gift from Trog
  8134 | D:8      | Reached skill level 4 in Evocations
  8426 | D:8      | Reached skill level 5 in Stealth
  8443 | D:8      | Noticed Harold
  8463 | D:8      | Killed Harold
  8463 | D:8      | Reached skill level 7 in Maces & Flails
  8729 | D:8      | Reached skill level 6 in Stealth
  8848 | Lair:1   | Entered Level 1 of the Lair of Beasts
  8887 | Lair:1   | Reached skill level 5 in Evocations
  9114 | Lair:1   | Noticed a black mamba
  9124 | Lair:1   | Killed a black mamba
  9125 | Lair:1   | Noticed a spiny frog
  9130 | Lair:1   | Killed a spiny frog
  9130 | Lair:1   | Reached skill level 4 in Slings
  9403 | Lair:1   | Noticed an ice dragon
  9443 | Lair:1   | Reached skill level 8 in Fighting
  9477 | Lair:1   | Killed an ice dragon
  9477 | Lair:1   | Reached skill level 8 in Maces & Flails
  9477 | Lair:1   | Reached XP level 11. HP: 53/68 MP: 14/14
  9844 | Lair:1   | Found a transporter.
  9845 | Lair:1   | Found a transporter.
  9847 | Lair:1   | Noticed MalarOregon's ghost (journeyman MfGl)
  9872 | Lair:1   | Reached skill level 5 in Slings
 10116 | Lair:2   | Noticed a six-headed hydra
 10137 | Lair:2   | Killed a six-headed hydra
 10394 | Lair:2   | Gained mutation: You have a somewhat thin skeletal
                  | structure. (Dex +2, Stealth) [potion of mutation]
 10394 | Lair:2   | Gained mutation: You have sharp fingernails. [potion of
                  | mutation]
 10394 | Lair:2   | Gained mutation: Your flesh is heat resistant. (rF+)
                  | [potion of mutation]
 10505 | Lair:2   | Noticed Gastronok
 10518 | Lair:2   | Killed Gastronok
 10518 | Lair:2   | Reached skill level 9 in Fighting
 10518 | Lair:2   | Reached skill level 6 in Slings
 10525 | Lair:2   | Noticed a four-headed hydra
 10529 | Lair:2   | Killed a four-headed hydra
 10529 | Lair:2   | Reached skill level 9 in Maces & Flails
 10969 | Lair:2   | Noticed a four-headed hydra
 10987 | Lair:2   | Killed a four-headed hydra
 10993 | Lair:2   | Reached skill level 7 in Slings
 11140 | Lair:2   | Reached skill level 10 in Fighting
 11256 | Lair:2   | Noticed an orb spider
 11265 | Lair:2   | Killed an orb spider
 11265 | Lair:2   | Reached XP level 12. HP: 77/77 MP: 15/15
 11266 | Lair:2   | Found a hole to the Spider Nest.
 11589 | Lair:3   | Noticed a seven-headed hydra
 11595 | Lair:3   | Killed a seven-headed hydra
 12059 | Lair:3   | Reached skill level 8 in Slings
 12067 | Lair:3   | Reached skill level 6 in Evocations
 12198 | Lair:3   | Reached ***** piety under Trog
 12477 | Lair:3   | Received a gift from Trog
 12537 | Lair:3   | Reached skill level 11 in Fighting
 12537 | Lair:3   | Reached skill level 10 in Maces & Flails
 12587 | Lair:3   | HP: 27/120 [elephant (9)]
 12589 | Lair:3   | Reached skill level 7 in Evocations
 12595 | Lair:3   | HP: 24/120 [yak (4)]
 12598 | Lair:3   | HP: 6/120 [yak (10)]
 13423 | Lair:3   | Reached XP level 13. HP: 84/84 MP: 18/18
 13558 | Lair:3   | Reached skill level 9 in Slings
 14050 | Lair:4   | Found a gate leading to a gauntlet.
 14135 | Gauntlet | Entered a Gauntlet
 14135 | Gauntlet | Found a transporter.
 14142 | Gauntlet | Found a transporter.
 14154 | Gauntlet | HP: 20/84 [sixfirhy (10)]
 14188 | Gauntlet | Found a transporter.
 14190 | Gauntlet | Found a transporter.
 14196 | Gauntlet | Found a transporter.
 14207 | Gauntlet | Found a transporter.
 14225 | Gauntlet | Found a transporter.
 14265 | Gauntlet | Found a transporter.
 14284 | Gauntlet | Identified a scroll of acquirement
 14335 | Gauntlet | Found a transporter.
 14367 | Gauntlet | Found a transporter.
 14379 | Gauntlet | HP: 23/126 [sixfirhy (10)]
 14385 | Gauntlet | HP: 21/126 [sixfirhy (4)]
 14385 | Gauntlet | HP: 5/126 [sixfirhy (7)]
 14385 | Gauntlet | Slain by a sixfirhy

Vault maps used:
D:1:      psy_arrival_dodecagon
D:2:      minmay_alternating_diamond, grunt_ministairs_14
D:3:      first_ration
D:4:      uniq_grinder
D:5:      serial_shops, shop_coins, minmay_misc_feat_iff
D:6:      minitemple, minmay_temple_entry_trees, gup_sewer_entry_bowl,
          minivault_11, minmay_tree_intersection, minmay_crystal_water,
          minmay_misc_feat_x
D:7:      kennysheep_ying_yang, cheibriados_altar_1, gammafunk_ghost_necromancy
D:8:      dpeg_oklobed_lair, uniq_harold
Lair:1:   dragon1_lemuel, gammafunk_ghost_arena, chequers_serial_rivers_room_a,
          grunt_forest_stairs_basic, grunt_megastairs_2, lemuel_fruit_fields
Lair:2:   nicolae_spider_entry_orb_guardian, nicolae_quartered_pool_little,
          uniq_gastronok
Lair:3:   special_room, grunt_forest_large_clearing_hut
Lair:4:   pond_and_an_island_with_a_cottage, palyth_hydra_swamp_entry,
          gammafunk_ghost_split, serial_rivers, chequers_serial_rivers_micro_a,
          chequers_serial_rivers_micro_d, chequers_serial_rivers_micro_a,
          chequers_serial_rivers_micro_a, chequers_serial_rivers_room_b,
          gauntlet_entry_generic
Sewer:    sewer_kobolds
Gauntlet: gammafunk_gauntlet_one_two_three

Skill      XL: |  1  2  3  4  5  6  7  8  9 10 11 12 13 |
---------------+----------------------------------------+-----
Maces & Flails | 3 4 5 6 8 9 10 | 10.4
Armour         | 2 3 4 5 |  5.1
Dodging        | 3 4 5 6 7 |  7.3
Fighting       | 4 5 6 7 8 10 11 | 11.6
Slings         | 1 3 4 7 8 9 |  9.2
Stealth        | 3 6 |  6.4
Evocations     | 2 5 7 |  7.9

Action                   |  1- 3 |  4- 6 |  7- 9 | 10-12 | 13-15 || total
-------------------------+-------+-------+-------+-------+-------++-------
Melee: Mace              |   127 |   140 |   373 |    74 |       ||   714
 Fire: Hunting sling     |       |    31 |   107 |   489 |    79 ||   706
Invok: Berserk           |       |     3 |     6 |     3 |       ||    12
       Trog's Hand       |       |     1 |     2 |       |     1 ||     4
       Brothers in Arms  |       |       |       |     3 |       ||     3
 Abil: Evoke Invisibilit |       |       |       |     3 |     1 ||     4
Evoke: Wand              |       |       |       |    13 |       ||    13
  Use: Scroll            |       |     8 |     7 |     6 |     4 ||    25
       Potion            |       |       |     4 |     2 |     2 ||     8
 Stab: Sleeping          |     2 |     1 |     2 |       |       ||     5
  Eat: Chunk             |     9 |     7 |    21 |    12 |     3 ||    52
       Ration            |       |       |     2 |     4 |       ||     6
Armor: Animal skin       |    37 |    44 |    16 |       |       ||    97
       Skin              |       |       |    58 |       |    47 ||   105
       Ring mail         |       |       |    69 |    51 |     8 ||   128
Dodge: Dodged            |   165 |   175 |   394 |   381 |    48 ||  1163

Table legend:
 A = Non-vault XP
 B = Vault XP
 C = Vault XP percentage of total XP
 D = Non-vault monster count
 E = Vault monster count
 F = Vault count percentage of total count
                 A         B        C        D         E       F
            +---------+---------+-------+---------+---------+-------
      Total |   21393 |    8232 |  27.8 |     231 |      69 |  23.0
            +---------+---------+-------+---------+---------+-------
        D:1 |      54 |       0 |   0.0 |      30 |       0 |   0.0
        D:2 |     102 |      24 |  19.0 |      20 |      11 |  35.5
        D:3 |      48 |       0 |   0.0 |      16 |       0 |   0.0
        D:4 |     471 |     254 |  35.0 |      22 |       1 |   4.3
        D:5 |     721 |       0 |   0.0 |      26 |       0 |   0.0
        D:6 |     839 |      14 |   1.6 |      23 |       4 |  14.8
        D:7 |     554 |       0 |   0.0 |      10 |       0 |   0.0
        D:8 |    1552 |     610 |  28.2 |      20 |       1 |   4.8
     Lair:1 |    2680 |     867 |  24.4 |      11 |       2 |  15.4
     Lair:2 |    5116 |    2045 |  28.6 |      17 |       2 |  10.5
     Lair:3 |    9010 |    2826 |  23.9 |      33 |      30 |  47.6
     Lair:4 |     246 |       0 |   0.0 |       3 |       0 |   0.0
      Sewer |       0 |     134 | 100.0 |       0 |      10 | 100.0
   Gauntlet |       0 |    1458 | 100.0 |       0 |       8 | 100.0
            +---------+---------+-------+---------+---------+-------

Vault maps used:
D:1:      psy_arrival_dodecagon
D:2:      minmay_alternating_diamond, grunt_ministairs_14
D:3:      first_ration
D:4:      uniq_grinder
D:5:      serial_shops, shop_coins, minmay_misc_feat_iff
D:6:      minitemple, minmay_temple_entry_trees, gup_sewer_entry_bowl,
          minivault_11, minmay_tree_intersection, minmay_crystal_water,
          minmay_misc_feat_x
D:7:      kennysheep_ying_yang, cheibriados_altar_1, gammafunk_ghost_necromancy
D:8:      dpeg_oklobed_lair, uniq_harold
Lair:1:   dragon1_lemuel, gammafunk_ghost_arena, chequers_serial_rivers_room_a,
          grunt_forest_stairs_basic, grunt_megastairs_2, lemuel_fruit_fields
Lair:2:   nicolae_spider_entry_orb_guardian, nicolae_quartered_pool_little,
          uniq_gastronok
Lair:3:   special_room, grunt_forest_large_clearing_hut
Lair:4:   pond_and_an_island_with_a_cottage, palyth_hydra_swamp_entry,
          gammafunk_ghost_split, serial_rivers, chequers_serial_rivers_micro_a,
          chequers_serial_rivers_micro_d, chequers_serial_rivers_micro_a,
          chequers_serial_rivers_micro_a, chequers_serial_rivers_room_b,
          gauntlet_entry_generic
Sewer:    sewer_kobolds
Gauntlet: gammafunk_gauntlet_one_two_three

Table legend:
 A = Turns spent in this place as a percentage of turns spent in the entire game.
 B = Non-inter-level travel turns spent in this place as a percentage of non-inter-level travel turns spent in the entire game.
 C = Inter-level travel turns spent in this place as a percentage of turns spent in this place.
 D = Turns resting spent in this place as a percentage of non-inter-level travel turns spent in this place.
 E = Turns spent auto-exploring this place as a percentage of non-inter-level travel turns spent in this place.
 F = Non-inter-level travel turns spent in this place divided by the number of levels of this place that you've seen.
                   A       B       C       D       E      F
               +-------+-------+-------+-------+-------+----------------------
         Total | 100.0 | 100.0 |   2.7 |  28.5 |  49.9 | 999.4
       Dungeon |  59.9 |  59.2 |   3.9 |  25.6 |  53.5 | 1035.2
          Lair |  36.8 |  37.4 |   1.1 |  35.1 |  46.6 | 1307.8
         Sewer |   1.6 |   1.6 |   0.0 |   0.0 |  43.9 | 228.0
      Gauntlet |   1.7 |   1.8 |   0.0 |  14.4 |   7.6 | 250.0
               +-------+-------+-------+-------+-------+----------------------

Table legend:
 A = Kills in this place as a percentage of kills in entire the game.
 B = Kills by you in this place as a percentage of kills by you in the entire game.
 C = Kills by friends in this place as a percentage of kills by friends in the entire game.
 D = Other kills in this place as a percentage of other kills in the entire game.
 E = Experience gained in this place as a percentage of experience gained in the entire game.
 F = Experience gained in this place divided by the number of levels of this place that you have seen.
                   A       B       C       D       E      F
               +-------+-------+-------+-------+-------+----------------------
         Total | 100.0 | 100.0 | 100.0 |   N/A | 100.0 | 2116.1
       Dungeon |  61.3 |  62.0 |  20.0 |   N/A |  17.7 | 655.4
          Lair |  32.7 |  31.9 |  80.0 |   N/A |  76.9 | 5697.5
         Sewer |   3.3 |   3.4 |   0.0 |   N/A |   0.5 | 134.0
      Gauntlet |   2.7 |   2.7 |   0.0 |   N/A |   4.9 | 1458.0
               +-------+-------+-------+-------+-------+----------------------
